 Dungeon Crawl Stone Soup version 0.21.0-3-g78d12a8 (console) character file.

27 removed the Ducker (level 2, 16/16 HPs)
             Began as a Deep Elf Warper on Jan 13, 2018.
             Quit the game on level 1 of the Dungeon.
             The game lasted 00:01:37 (1220 turns).

removed the Ducker (Deep Elf Warper)                Turns: 1220, Time: 00:01:38

Health: 16/16      AC:  3    Str:  8    XL:     2   Next: 93%
Magic:  8/8        EV: 13    Int: 17    God:
Gold:   44         SH:  0    Dex: 14    Spells: 3/7 levels left

rFire    . . .     SeeInvis .   n - +0 whip (curse)
rCold    . . .     Gourm    .   (no shield)
rNeg     . . .     Faith    .   b - +0 leather armour
rPois    .         Spirit   .   (no helmet)
rElec    .         Reflect  .   (no cloak)
rCorr    .         Harm     .   (no gloves)
MR       .....                  (no boots)
Stlth    +.........             (no amulet)
HPRegen  0.05/turn              (no ring)
MPRegen  0.11/turn              (no ring)

@: no status effects
A: no striking features
a: no special abilities


You were on level 1 of the Dungeon.
You were very hungry.

You visited 1 branch of the dungeon, and saw 1 of its levels.

You collected 44 gold pieces.

Inventory:

Hand Weapons
 a - a +1 falchion
 n - a cursed +0 whip (weapon)
Missiles
 e - a tomahawk of dispersal (quivered)
Armour
 b - a +0 leather armour (worn)
Scrolls
 d - a scroll of blinking
Potions
 g - a potion of lignification
 k - a potion of magic {unknown}
 l - a potion of cancellation {unknown}
Books
 c - a book of Spatial Translocations

   Spells                             Type                      Level
   a - Blink                          Translocation                2
   b - Shroud of Golubria             Charms/Translocation         2
   c - Lesser Beckoning               Translocation                3
   d - Gell's Gravitas                Translocation                3
   e - Teleport Other                 Translocation                3
   f - Passage of Golubria            Translocation                4
Comestibles
 f - a ration


   Skills:
 - Level 1.5 Fighting
 - Level 1.7 Long Blades
 - Level 1.0 Throwing
 - Level 0.7 Armour
 + Level 4.2 Dodging
 - Level 3.0 Spellcasting
 - Level 3.2 Translocations


You had 3 spell levels left.
You knew the following spells:

 Your Spells              Type           Power        Failure   Level  Hunger
a - Shroud of Golubria    Chrm/Tloc      #.........   19%         2    ##.....
l - Blink                 Tloc           N/A          10%         2    ##.....


Dungeon Overview and Level Annotations

Branches:
Dungeon (1/15)

Altars:


Message History

The giant cockroach misses you.
You hit the giant cockroach.
You kill the giant cockroach!
No target in view!
No target in view!
Search for what [? for help]? wh You see here a glowing whip.
n - a glowing whip Wield which item (- for none, * to show all)? (? for menu, Esc to quit)
It sticks to your hand!
n - a cursed +0 whip (weapon)
As you read the scroll labeled ROADECK UDWINT, it crumbles to dust.
It is a scroll of enchant weapon.
Your +0 falchion glows red for a moment.
As you read the scroll labeled HIQALENETA, it crumbles to dust.
The scroll dissolves into smoke.
It was a scroll of fog.
As you read the scroll labeled CAIDAQ VEGRI, it crumbles to dust.
It is a scroll of identify.
g - a potion of lignification Are you sure you want to abandon this character and quit the game? (Confirm with "yes".)

### ### #.###.#
#.....#
#############.#
#@§§..........#
#§#§......#####
#§#.#####.# #.#.#
#.#
#.#.#####.########
#.#.....>.........
#.#..####.########
#....# #.........
#.####.############.


There were no monsters in sight!

Vanquished Creatures
  An ooze (D:1)
  2 dart slugs (D:1)
  A leopard gecko (D:1)
  3 giant cockroaches (D:1)
  3 goblins (D:1)
  A hobgoblin (D:1)
  2 bats (D:1)
  2 kobolds (D:1)
  2 rats (D:1)
17 creatures vanquished.

Notes
Turn   | Place    | Note
-------+----------+-------------------------------------------
     0 | D:1      | removed the Deep Elf Warper began the quest for the Orb.
     0 | D:1      | Reached XP level 1. HP: 12/12 MP: 6/6
    55 | D:1      | Reached skill level 3 in Dodging
    87 | D:1      | Reached XP level 2. HP: 6/16 MP: 8/8
   344 | D:1      | Learned a level 2 spell: Blink
   347 | D:1      | Learned a level 2 spell: Shroud of Golubria
   640 | D:1      | Reached skill level 4 in Dodging
  1220 | D:1      | Quit the game

Skill      XL: |  1  2 |
---------------+-------+-----
Dodging        | 3 4 |  4.2
Fighting       | |  1.5
Long Blades    | |  1.7
Throwing       | |  1.0
Armour         | |  0.7
Spellcasting   | |  3.0
Translocations | |  3.2

Action                   || total
-------------------------++-------
Melee: Falchion          ||    66
Throw: Tomahawk          ||     4
 Cast: Shroud of Golubri ||     7
  Use: Scroll            ||     3
Armor: Leather armour    ||    18
Dodge: Dodged            ||    54
       Rpst.: Falchion   ||    15
